 Dungeon Crawl Stone Soup version 0.21-a0-278-ga722497 (webtiles) character file.

172 Leszczynek the Ruffian (level 5, -4/48 HPs)
             Began as a Troll Skald on Sept 22, 2017.
             Was a Believer of Uskayaw.
             Slain by a gnoll
             ... wielding a +0 spear
              (7 damage)
             ... on level 5 of the Dungeon.
             The game lasted 00:06:18 (950 turns).

Leszczynek the Ruffian (Troll Skald)                 Turns: 950, Time: 00:06:19

Health: -4/48      AC:  5    Str: 22    XL:     5   Next: 27%
Magic:  5/5        EV: 10    Int:  9    God:    Uskayaw [**....]
Gold:   149        SH:  0    Dex: 10    Spells: 4/6 levels left

rFire    . . .     SeeInvis .     - Unarmed
rCold    . . .     Gourm    +   (no shield)
rNeg     . . .     Faith    .   a - +0 robe
rPois    +         Spirit   .   (helmet restricted)
rElec    .         Reflect  .   (no cloak)
rCorr    .         Harm     .   (gloves unavailable)
MR       .....                  (boots unavailable)
Stlth    +.........             (no amulet)
HPRegen  0.56/turn              c - +5 ring of strength
MPRegen  0.09/turn              r - -2 ring of strength (curse)

@: lethally poisoned (-4 -> -7)
A: unfitting armour, claws 3, blurry vision 1, fast metabolism 3, gourmand,
poison resistance, regeneration 1, shaggy fur 1, tough skin 2
a: Stomp, Line Pass, Renounce Religion


You were on level 5 of the Dungeon.
You worshipped Uskayaw.
Uskayaw was noncommittal.
You were very full.

You visited 1 branch of the dungeon, and saw 5 of its levels.
You also visited: Sewer.

You collected 149 gold pieces.

Inventory:

Hand Weapons
 q - the +3 bardiche of Impeachment {chop, *Rage Dex+5, unknown}
   (You found it on level 5 of the Dungeon)

   It inflicts extra damage upon your enemies.
   It affects your dexterity (+5).
   It may make you go berserk in combat.
Armour
 a - a +0 robe (worn)
Jewellery
 c - a +5 ring of strength (left claw)
 r - a cursed -2 ring of strength (right claw)
Scrolls
 h - a scroll of amnesia
 i - 4 scrolls of teleportation {unknown}
 k - 2 scrolls of identify {unknown}
 l - a scroll of remove curse {unknown}
 m - a scroll of blinking {unknown}
Potions
 e - a potion of haste {unknown}
 j - a potion of mutation {!q}
 n - 4 potions of flight
 o - a potion of degeneration {unknown}
 p - a potion of agility {unknown}
Books
 b - a book of Battle

   Spells                             Type                      Level
   a - Infusion                       Charms                       1
   b - Shroud of Golubria             Charms/Translocation         2
   c - Song of Slaying                Charms                       2
   d - Spectral Weapon                Hexes/Charms                 3
   e - Regeneration                   Charms/Necromancy            3
Comestibles
 d - 2 bread rations
 f - 6 chunks of flesh
 g - a meat ration


   Skills:
 - Level 1.5 Fighting
 - Level 1.9 Dodging
 + Level 5.5 Unarmed Combat
 - Level 1.2 Spellcasting
 - Level 2.0 Charms


You had 4 spell levels left.
You knew the following spells:

 Your Spells              Type           Power        Failure   Level  Hunger
b - Shroud of Golubria    Chrm/Tloc      #.........   36%         2    ###....


Dungeon Overview and Level Annotations

Branches:
Dungeon (5/15)             Temple (0/1) D:4

Altars:
Uskayaw


Innate Abilities, Weirdness & Mutations

You are too large for most types of armour.
You have claws for hands.
Your metabolism is lightning-fast.
You like to eat raw meat.
Your natural rate of healing is unusually fast.
You are covered in fur. (AC +1)
You have very tough skin. (AC +2)
Scrolls take you a little longer to read.
Your system is resistant to poisons. (rPois)


Message History

You closely miss the jackal.
You feel sick. The jackal closely misses you.
You scratch the jackal. Your claw misses the jackal.
The jackal is lightly wounded.
You feel sick. The jackal barely misses you.
The gnoll shaman hits you with a whip.
You barely miss the jackal.
The jackal is lightly wounded.
You feel sick. The jackal closely misses you.
The gnoll hits you from afar with a spear.
* * * LOW HITPOINT WARNING * * *
The gnoll shaman hits you with a whip!
* * * LOW HITPOINT WARNING * * *
The jackal bites you but does no damage.
It was a potion of mutation.
You feel extremely strange.
Your vision blurs.
You feel resistant to poisons.
* * * LOW HITPOINT WARNING * * *
You feel sick.
The gnoll hits you from afar with a spear!
You die...

.... #.... !###### #...
....... #..#### .......
#.....###
.......########.##...######
.......ggg@hhSh........##..
......gg#######[...#.......
.........ggg.gg.##.###.#...
......#..#####g..#.........
#####.##.# #g.............
# #.# #....#.......)# #..
#..g..........# ##.
#..............
#.......#.......##


You could see a gnoll shaman, 4 gnolls, an adder and 3 jackals.

Vanquished Creatures
  An orc priest (D:4)
  An orc wizard (D:4)
  A worker ant (D:5)
  3 adders
  4 oozes (Sewer)
  3 worms (Sewer)
  2 leopard geckos
  2 orcs
  4 giant cockroaches
  A goblin (D:1)
  2 hobgoblins (D:2)
  4 jackals (Sewer)
  A quokka (D:5)
  3 ball pythons
  8 bats
  2 frilled lizards (Sewer)
  A kobold (D:1)
  3 rats (D:2)
46 creatures vanquished.

Notes
Turn   | Place    | Note
-------+----------+-------------------------------------------
     0 | D:1      | Leszczynek the Troll Skald began the quest for the Orb.
     0 | D:1      | Reached XP level 1. HP: 19/19 MP: 1/1
   116 | D:2      | Found a faded altar of an unknown god.
   129 | D:2      | Reached XP level 2. HP: 22/27 MP: 2/2
   167 | D:2      | Became a worshipper of Uskayaw the Reveler
   167 | D:2      | Reached * piety under Uskayaw
   181 | D:2      | Reached skill level 3 in Unarmed Combat
   181 | D:2      | Reached ** piety under Uskayaw
   188 | D:2      | Learned a level 2 spell: Shroud of Golubria
   329 | D:4      | Reached XP level 3. HP: 33/33 MP: 0/3
   377 | D:4      | Found a staircase to the Ecumenical Temple.
   405 | D:4      | Reached skill level 4 in Unarmed Combat
   441 | D:4      | Reached XP level 4. HP: 32/41 MP: 1/4
   489 | D:4      | Found a glowing drain.
   511 | Sewer    | Entered a sewer
   684 | Sewer    | Reached skill level 5 in Unarmed Combat
   826 | Sewer    | Reached *** piety under Uskayaw
   843 | Sewer    | Reached XP level 5. HP: 42/48 MP: 5/5
   846 | Sewer    | Reached **** piety under Uskayaw
   882 | D:5      | Entered Level 5 of the Dungeon
   911 | D:5      | Got an ichor-stained bardiche
   949 | D:5      | HP: 3/48 [gnoll shaman/whip (7)]
   950 | D:5      | Gained mutation: Scrolls take you a little longer to read. [potion of mutation]
   950 | D:5      | Gained mutation: Your system is resistant to poisons. (rPois) [potion of mutation]
   950 | D:5      | Slain by a gnoll

Vault maps used:
D:1:      onia_arrival_pentagram
D:2:      first_bread, chequers_ecumenical_altar_simple
D:4:      temple_fountains, gup_sewer_entry_glass, lemuel_statue_altar
D:5:      tgw_kikubaaqudgha
Sewer:    sewer_fruit_machine

Skill      XL: |  1  2  3  4 |
---------------+-------------+-----
Unarmed Combat | 3 4 5 |  5.5
Fighting       | |  1.5
Dodging        | |  1.9
Spellcasting   | |  1.2
Charms         | |  2.0

Action                   |  1- 3 |  4- 6 || total
-------------------------+-------+-------++-------
Melee: Unarmed           |    53 |    87 ||   140
       Punch             |       |     1 ||     1
 Cast: Shroud of Golubri |     2 |       ||     2
  Use: Potion            |       |     2 ||     2
       Scroll            |       |     1 ||     1
 Stab: Paralysed         |       |     1 ||     1
  Eat: Chunk             |    10 |     4 ||    14
Armor: Robe              |     6 |    33 ||    39
Dodge: Dodged            |    26 |    61 ||    87

Table legend:
 A = Spawn XP
 B = Non-spawn XP
 C = Spawn XP percentage of total XP
 D = Spawn monster count
 E = Non-spawn monster count
 F = Spawn count percentage of total count
 G = Total turns spent on level
                    A         B        C        D         E        F      G
               +---------+---------+-------+---------+---------+-------+---------
         Total |       0 |     247 |   0.0 |       0 |      46 |   0.0 |   950
               +---------+---------+-------+---------+---------+-------+---------
           D:1 |       0 |       6 |   0.0 |       0 |       3 |   0.0 |    59
           D:2 |       0 |      21 |   0.0 |       0 |       7 |   0.0 |   147
           D:3 |       0 |       4 |   0.0 |       0 |       2 |   0.0 |    37
           D:4 |       0 |     110 |   0.0 |       0 |       8 |   0.0 |   295
           D:5 |       0 |      37 |   0.0 |       0 |       3 |   0.0 |    68
         Sewer |       0 |      69 |   0.0 |       0 |      23 |   0.0 |   344
               +---------+---------+-------+---------+---------+-------+---------
